 Dungeon Crawl Stone Soup version 0.31-a0-1057-g70f3316b05 (console) character file.

Game seed: 11176173709180149119

49 Ignak the Gusty (level 3, -10/26 HPs)
             Began as a Gnoll Air Elementalist on Nov 20, 2023.
             Mangled by Sigmund
             ... wielding a +3 scythe of freezing
              (12 damage)
             ... on level 2 of the Dungeon.
             The game lasted 00:06:51 (1320 turns).

Ignak the Gusty (Gnoll Air Elementalist)            Turns: 1320, Time: 00:06:52

Health: -10/26     AC:  3    Str:  7    XL:     3   Next: 77%
Magic:  4/9        EV: 12    Int: 16    God:
Gold:   79         SH:  0    Dex: 12    Spells: 5/12 levels left

rFire   . . .        i - +0 short sword
rCold   . . .        (no shield)
rNeg    + . .        k - +0 leather armour
rPois   .            (no helmet)
rElec   .            (no cloak)
rCorr   .            (no gloves)
SInv    .            (no boots)
Will    .....        (no amulet)
Stlth   +            d - ring of positive energy
HPRegen 0.24/turn    (no ring)
MPRegen 0.11/turn

%: no passive effects
@: confused, swift (expiring), very quick
A: fangs 1, strong nose, distributed training
a: no special abilities


You were on level 2 of the Dungeon.
You visited 1 branch of the dungeon, and saw 2 of its levels.

You collected 79 gold pieces.

Inventory:

Hand Weapons
 i - a +0 short sword (weapon)
Armour
 k - a +0 leather armour (worn)
Jewellery
 d - a ring of positive energy (left hand)
Wands
 a - a wand of flame (12)
Scrolls
 c - a scroll of immolation {unknown}
 e - a scroll of revelation {unknown}
 h - a scroll of vulnerability {unknown}
 j - a scroll of fear {unknown}
Potions
 b - a potion of magic
 f - a potion of ambrosia {unknown}
 g - a potion of curing {unknown}


   Skills:
 + Level 1.0 Fighting
 + Level 1.0 Short Blades
 + Level 1.0 Long Blades
 + Level 1.0 Axes
 + Level 1.0 Maces & Flails
 + Level 1.0 Polearms
 + Level 1.0 Staves
 + Level 1.0 Ranged Weapons
 + Level 1.0 Throwing
 + Level 1.0 Armour
 + Level 4.6 Dodging
 + Level 4.2 Stealth
 + Level 1.0 Shields
 + Level 1.0 Unarmed Combat
 + Level 5.0 Spellcasting
 + Level 2.1 Conjurations
 + Level 0.7 Hexes
 + Level 0.7 Summonings
 + Level 0.7 Necromancy
 + Level 0.7 Translocations
 + Level 0.7 Transmutations
 + Level 0.7 Fire Magic
 + Level 0.7 Ice Magic
 + Level 5.4 Air Magic
 + Level 0.7 Earth Magic
 + Level 0.7 Poison Magic
 + Level 1.0 Invocations
 + Level 1.0 Evocations
 + Level 0.8 Shapeshifting


You had 5 spell levels left.
You knew the following spells:

 Your Spells              Type           Power      Damage    Failure   Level
a - Shock                 Conj/Air       64%        1d7       4%          1
b - Swiftness             Air            21%        N/A       7%          3
c - Static Discharge      Conj/Air       32%        3-5/arc   7%          2
d - Summon Small Mammal   Summ           24%        N/A       17%         1

Your spell library contained the following spells:

 Spells                   Type           Power      Damage    Failure   Level
 Apportation              Tloc           12%        N/A       17%         1
 Necrotise                Necr           24%        1d5       17%         1
 Airstrike                Air            10%        2d(2-18)  24%         4


Dungeon Overview and Level Annotations

Branches:
Dungeon (2/15)

Altars:

Annotations:
D:2 Sigmund


Innate Abilities, Weirdness & Mutations

You have very sharp teeth.
Your uncanny sense of smell can sniff out nearby items.
Your experience applies equally to all skills.


Message History

Confirm with . or Enter, or press ? or * to list all spells.
You don't know that spell.
Casting: Summon Small Mammal (safe; 17% risk of failure)
Confirm with . or Enter, or press ? or * to list all spells.
You miscast Summon Small Mammal.
You are very lightly contaminated with residual magic.
Nothing appears to happen.
Sigmund hits you with a +3 scythe of freezing!
Sigmund freezes you.
Casting: Summon Small Mammal (safe; 17% risk of failure)
Confirm with . or Enter, or press ? or * to list all spells.
Sigmund is struck by an arc of lightning.
Sigmund is moderately wounded.
You are struck by an arc of lightning.
The lightning grounds out.
Sigmund closely misses you.
Casting: Static Discharge (safe; 7% risk of failure)
Confirm with . or Enter, or press ? or * to list all spells.
The spell is quite dangerous to miscast (7% risk of failure)!
Continue anyway?
You feel quick.
Sigmund hits you with a +3 scythe of freezing.
Sigmund freezes you.
* * * LOW HITPOINT WARNING * * *
Sigmund attacks as he pursues you! Sigmund closely misses you.
Sigmund gestures at you while chanting.
You are confused.
Your magical contamination has completely faded away.
You're too confused to move!
Sigmund gestures at you while chanting.
You are more confused.
Sigmund points at you and mumbles some strange words.
You are more confused.
Sigmund hits you with a +3 scythe of freezing.
* * * LOW HITPOINT WARNING * * *
Sigmund freezes you.
* * * LOW HITPOINT WARNING * * *
You start to feel a little slower.
Sigmund attacks as he pursues you!
Sigmund hits you from afar with a +3 scythe of freezing!
You die...
Sigmund begins carving another notch in his scythe.

#..........>..
#.........##.. ∆
#.........#..#.
#.............
#.........#.#
#..........# #
#.....>...##
#.###..<.....##
#..$#..@......###..
#........#.......
###..@...........
###.[.†........
#...÷......#..
#.............
#....##.......
##.....#.......
#<...#.#......#


You could see Sigmund.

Vanquished Creatures
  A gnoll (D:1)
  2 dart slugs (D:1)
  3 ball pythons (D:1)
  3 endoplasms (D:1)
  A giant cockroach (D:1)
  3 hobgoblins (D:1)
  3 jackals (D:1)
  2 quokkas
  2 bats (D:1)
  2 frilled lizards (D:1)
  5 goblins (D:1)
  4 kobolds (D:1)
  2 rats
33 creatures vanquished.

Notes
Turn   | Place    | Note
-------+----------+-------------------------------------------
     0 | D:1      | Ignak the Gnoll Air Elementalist began the quest for the
                  | Orb.
     0 | D:1      | Reached XP level 1. HP: 13/13 MP: 6/6
    57 | D:1      | Reached XP level 2. HP: 20/20 MP: 0/7
   297 | D:1      | Learned a level 2 spell: Static Discharge
   345 | D:1      | Reached skill level 5 in Spellcasting
   345 | D:1      | Reached XP level 3. HP: 22/25 MP: 4/9
   687 | D:1      | Reached skill level 1 in Invocations
   792 | D:1      | Learned a level 3 spell: Swiftness
   813 | D:2      | Noticed Sigmund
  1016 | D:1      | Reached skill level 1 in Fighting
  1016 | D:1      | Reached skill level 1 in Short Blades
  1016 | D:1      | Reached skill level 1 in Long Blades
  1016 | D:1      | Reached skill level 1 in Axes
  1016 | D:1      | Reached skill level 1 in Maces & Flails
  1016 | D:1      | Reached skill level 1 in Polearms
  1016 | D:1      | Reached skill level 1 in Staves
  1016 | D:1      | Reached skill level 1 in Ranged Weapons
  1016 | D:1      | Reached skill level 1 in Throwing
  1016 | D:1      | Reached skill level 1 in Armour
  1016 | D:1      | Reached skill level 1 in Shields
  1016 | D:1      | Reached skill level 1 in Unarmed Combat
  1016 | D:1      | Reached skill level 1 in Evocations
  1128 | D:1      | Learned a level 1 spell: Summon Small Mammal
  1320 | D:2      | Mangled by Sigmund

Illustrated notes

Levels and vault maps discovered:
D:1:      evilmike_arrival_plus, layout_rooms
D:2:      layout_rooms, uniq_sigmund

Skill      XL: |  1  2  3 |
---------------+----------+-----
Conjurations   | 2 |  2.1
Spellcasting   | 5 |  5.0
Invocations    | 1 |  1.0
Fighting       | 1 |  1.0
Short Blades   | 1 |  1.0
Long Blades    | 1 |  1.0
Axes           | 1 |  1.0
Maces & Flails | 1 |  1.0
Polearms       | 1 |  1.0
Staves         | 1 |  1.0
Ranged Weapons | 1 |  1.0
Throwing       | 1 |  1.0
Armour         | 1 |  1.0
Shields        | 1 |  1.0
Unarmed Combat | 1 |  1.0
Evocations     | 1 |  1.0
Dodging        | |  4.6
Stealth        | |  4.2
Hexes          | |  0.7
Summonings     | |  0.7
Necromancy     | |  0.7
Translocations | |  0.7
Transmutations | |  0.7
Fire Magic     | |  0.7
Ice Magic      | |  0.7
Air Magic      | |  5.4
Earth Magic    | |  0.7
Poison Magic   | |  0.7
Shapeshifting  | |  0.8

Action                     || total
---------------------------++-------
  Melee: Dagger            ||     4
         Bite              ||     1
         Short sword       ||     8
   Cast: Shock             ||    56
         Summon Small Mamm ||     2
         Swiftness         ||     1
         Static Discharge  ||     1
  Evoke: Wand              ||     4
   Stab: Sleeping          ||     1
 Armour: Robe              ||    10
         Leather armour    ||    16
  Dodge: Dodged            ||    19

Table legend: (Time is in decaauts)
 A = Elapsed time spent in this place.
 B = Non-inter-level travel time spent in this place.
 C = Inter-level travel time spent in this place.
 D = Time resting spent in this place.
 E = Time spent auto-exploring this place.
 F = Levels seen in this place.
 G = Mean time per level.
                   A        B        C        D        E       F      G
               +--------+--------+--------+--------+--------+-----+--------+
         Total |   1324 |   1303 |     21 |    288 |    280 |   2 |  662.0 |
       Dungeon |   1324 |   1303 |     21 |    288 |    280 |   2 |  662.0 |
               +--------+--------+--------+--------+--------+-----+--------+

Top non-repeatable levels by time:
     D:1: 1218 daAuts
     D:2: 106 daAuts
